 Dungeon Crawl Stone Soup version 0.23-a0-402-g64599a1 (console) character file.

8 bli the Insei (level 2, 0/18 HPs)
             Began as an Octopode Transmuter on Nov 4, 2018.
             Succumbed to a kobold's poison
             ... on level 1 of the Dungeon.
             The game lasted 00:00:54 (196 turns).

bli the Insei (Octopode Transmuter)                  Turns: 196, Time: 00:00:55

Health: 0/18       AC:  1    Str:  9    XL:     2   Next: 8%
Magic:  4/5        EV: 13    Int: 15    God:
Gold:   6          SH:  0    Dex: 12    Spells: 4/5 levels left

rFire    . . .     SeeInvis .     - Unarmed
rCold    . . .     Gourm    .   (no shield)
rNeg     . . .     Faith    .   (helmet restricted)
rPois    .         Spirit   .   (no amulet)
rElec    .         Reflect  .   (no ring)
rCorr    .         Harm     .   (no ring)
MR       .....                  (no ring)
Stlth    ++........             (no ring)
HPRegen  0.06/turn              (no ring)
MPRegen  0.09/turn              (no ring)
                                (no ring)
                                (no ring)

@: lethally poisoned (0 -> -15)
A: almost no armour, stealthy swim, amphibious, 8 rings, constrict 8, camouflage
1, gelatinous body 1
a: no special abilities


You were on level 1 of the Dungeon.
You were not hungry.

You visited 1 branch of the dungeon, and saw 1 of its levels.

You collected 6 gold pieces.

Inventory:

Missiles
 a - 12 arrows
Comestibles
 b - 2 chunks of flesh
 c - a ration


   Skills:
 + Level 1.1 Fighting
 - Level 2.0 Dodging
 * Level 3.5 Unarmed Combat
 - Level 2.0 Spellcasting
 - Level 2.0 Transmutations


You had 4 spell levels left.
You knew the following spells:

 Your Spells              Type           Power        Failure   Level  Hunger
a - Beastly Appendage     Tmut           #.....       10%         1    #......

Your spell library contained the following spells:

 Spells                   Type           Power        Failure   Level  Hunger
 Sticks to Snakes         Tmut           #.......     14%         2    ###....
 Spider Form              Tmut/Pois      #.........   41%         3    ###....
 Ice Form                 Ice/Tmut       #.......     82%         4    #####..
 Blade Hands              Tmut           #.........   95%         5    ######.


Dungeon Overview and Level Annotations

Branches:
Dungeon (1/15)

Altars:


Innate Abilities, Weirdness & Mutations

You cannot wear most types of armour.
You are very stealthy in the water. (Stealth+)
You are amphibious.
You can wear up to eight rings at the same time.
You can use your tentacles to constrict eight enemies at once.
Your skin changes colour to match your surroundings (Stealth+).
Your rubbery body absorbs attacks. (AC +1, EV +1)


Message History

The kobold hits you with a +1 dagger of venom.
You are lethally poisoned!
You tentacle-slap the kobold.
You kill the kobold!
You feel sick.
You aren't carrying any potions.
You feel sick.
* * * LOW HITPOINT WARNING * * *
You feel sick.
* * * LOW HITPOINT WARNING * * *
You feel sick.
You see here a leopard gecko corpse.
There is a lethal amount of poison in your body!
* * * LOW HITPOINT WARNING * * *
You feel sick.
* * * LOW HITPOINT WARNING * * *
You feel sick.
* * * LOW HITPOINT WARNING * * *
You feel sick.
You die...

......# #####.# #.
.# #.# #. .# #.#
#.#.# #.# #.#.##
#####.#####.#..#
#..............####
............#)....#
..#...............#
....#..#####.#....#
................@.#
....#.......†#....#
....##.###.###....#
#.................#
#..#.#.###.####...#
#....#.# #.# #####
#..###.# #.# ....
#.. ... #... #..
..# #.# #.##..# #
... ..


There were no monsters in sight!

Vanquished Creatures
  A leopard gecko (D:1)
  3 bats (D:1)
  A giant cockroach (D:1)
  A kobold (D:1)
6 creatures vanquished.

Notes
Turn   | Place    | Note
-------+----------+-------------------------------------------
     0 | D:1      | bli the Octopode Transmuter began the quest for the Orb.
     0 | D:1      | Reached XP level 1. HP: 13/13 MP: 3/3
   183 | D:1      | Reached XP level 2. HP: 18/18 MP: 3/5
   196 | D:1      | Succumbed to a kobold's poison

Vault maps used:
D:1:      ldierk_walled_garden, minmay_liquid_box

Action                   || total
-------------------------++-------
Melee: Unarmed           ||    15
       Constrict         ||     2
       Tentacles         ||     2
       Kick              ||     1
 Cast: Beastly Appendage ||     1
 Stab: Sleeping          ||     2
Dodge: Dodged            ||     6

Table legend:
 A = Non-vault XP
 B = Vault XP
 C = Vault XP percentage of total XP
 D = Non-vault monster count
 E = Vault monster count
 F = Vault count percentage of total count
                 A         B        C        D         E       F
            +---------+---------+-------+---------+---------+-------
      Total |      12 |       0 |   0.0 |       6 |       0 |   0.0
            +---------+---------+-------+---------+---------+-------
        D:1 |      12 |       0 |   0.0 |       6 |       0 |   0.0
            +---------+---------+-------+---------+---------+-------
